AoeStats
← Mointez

Hideout

509978135Analyzed
1v1 RM · 4d ago on Sep 28, 2026· 20m 46s· 2 players
Game mode
Random Map
Map size
Tiny (2 player)
Population
200
Speed
Normal
Resources
Standard
Victory
Conquest
Starting age
Dark Age
Ending age
Imperial Age
RankedLock teamsTeams togetherTeam positionsShared explorationLock speedFull tech treeHidden civsTurbo modeCheats
Victory
Defeat
🇮🇳 Huns · India
1291
+15
🇺🇸 Saracens · United States
1267
-15
Mointez
10:13 Feudal Age
14:38 Castle Age
14:05 Double-Bit Axe
15:02 Loom
20:01 Fletching
slartibartfast
6:26 Loom
8:52 Feudal Age
9:30 Double-Bit Axe
10:18 Horse Collar
15:01 Scale Barding Armor
16:36 Bloodlines
16:42 Forging
19:16 Padded Archer Armor
19:13 Fletching
Connection lost

Rejoining the realm…

Still unreachable

The connection could not be restored.

Session expired

The server has moved on; the page needs a fresh start.